 Dungeon Crawl Stone Soup version 0.30.1-11-g7821555f0a (webtiles) character file.

Game seed: 10595273252284306928

986 Gladio the Chopper (level 8, 0/65 HPs)
             Began as a Formicid Fighter on Nov 6, 2023.
             Was a Priest of Jiyva.
             Slain by a gargoyle
             ... wielding a +0 flail
              (12 damage)
             ... on level 6 of the Dungeon.
             The game lasted 00:08:12 (4678 turns).

Gladio the Chopper (Formicid Fighter)               Turns: 4678, Time: 00:08:12

Health: 0/65       AC:  9    Str: 31    XL:     8   Next: 41%
Magic:  8/8        EV:  8    Int:  6    God:    Jiyva [***...]
Gold:   324        SH:  4    Dex: 11    Spells: 7/7 levels left

rFire   . . .        a - +0 war axe
rCold   . . .        c - +0 buckler
rNeg    . . .        o - +0 chain mail
rPois   .            (helmet unavailable)
rElec   .            (no cloak)
rCorr   +            (no gloves)
SInv    +            (no boots)
Will    +....        (no amulet) Stlth
                     h - ring of resist corrosion
HPRegen 1.42/turn    u - ring of willpower
MPRegen 0.46/turn

%: no passive effects
@: mighty, invisible
A: permanent stasis, dig shafts and tunnels, antennae 3, four strong arms, sense
surroundings 1, strong 2, tendrils
a: Dig, Shaft Self, Renounce Religion, Oozemancy


You were on level 6 of the Dungeon.
You worshipped Jiyva.
Jiyva was most pleased with you.
You visited 1 branch of the dungeon, and saw 7 of its levels.
You also visited: Sewer.

You collected 324 gold pieces.

Inventory:

Hand Weapons
 a - a +0 war axe (weapon)
Missiles
 g - 10 poisoned darts (quivered)
 p - 2 throwing nets
 D - 6 silver javelins
Armour
 b - a +0 scale mail
 c - a +0 buckler (worn)
 o - a +0 chain mail (worn)
 E - the +0 scale mail of Yesterday {+Inv rPois rF- Int+4}
   (You found it on level 6 of the Dungeon)

   Int:       It affects your intelligence (+4).
   rF:        It makes you vulnerable to fire.
   rPois:     It protects you from poison.
   +Inv:      It lets you turn invisible.
Jewellery
 h - a ring of resist corrosion (left hand)
 u - a ring of willpower (right hand)
Wands
 y - a wand of charming (6)
Scrolls
 e - 2 scrolls of noise {unknown}
 f - 3 scrolls of poison
 k - a scroll of immolation {unknown}
 m - 2 scrolls of magic mapping {unknown}
 q - a scroll of silence {unknown}
 s - 4 scrolls of teleportation
 t - 2 scrolls of amnesia {unknown}
 v - a scroll of butterflies {unknown}
 x - a scroll of enchant armour {unknown}
Potions
 d - 2 potions of might
 i - 2 potions of resistance {unknown}
 j - a potion of curing
 n - a potion of ambrosia {unknown}
 r - a potion of flight {unknown}
 w - 2 potions of heal wounds {unknown}
 z - 2 potions of mutation {unknown}
 A - 3 potions of magic
 B - a potion of attraction {unknown}
 C - a potion of brilliance {unknown}


   Skills:
 + Level 6.6 Fighting
 * Level 7.7 Axes
 - Level 3.4 Armour
 - Level 4.1 Shields


You had 7 spell levels left.
You didn't know any spells.
Your spell library contained the following spells:

 Spells                   Type           Power      Damage    Failure   Level
 Spider Form              Tmut/Pois      0%         N/A       100%        3
 Animate Armour           Summ/Erth      0%         N/A       100%        4
 Blade Hands              Tmut           0%         N/A       100%        5
 Yara's Violent Unravell  Hex/Tmut       0%         3d3       100%        5
 Iron Shot                Conj/Erth      0%         9d1       100%        6
 Statue Form              Tmut/Erth      0%         N/A       100%        6


Dungeon Overview and Level Annotations

Branches:
Dungeon (7/15)              Sewer (visited)
 Temple: D:4-7

Altars:
Dithmenos
Elyvilon
Yredelemnul

Annotations:
D:3 1 runed translucent door


Innate Abilities, Weirdness & Mutations

You cannot be hasted, slowed, berserked, paralysed or teleported.
You can dig through walls and to a lower floor.
You have a pair of large antennae on your head. (SInv)
Your four strong arms can wield two-handed weapons with a shield.
You passively map a small area around you.
Your muscles are very strong. (Str +8, Int/Dex -2)
You are covered in slimy tendrils that may disarm your opponents.


Message History

You hit the gargoyle but do no damage. The gargoyle hits you with a +0 flail.
A hound comes into view.
You slash the gargoyle!
The gargoyle is moderately damaged.
The gargoyle hurls a stone arrow at you.
The stone arrow misses you.
An orc comes into view. It is wielding a +0 mace.
You hear a distant slurping noise.
You feel very mighty all of a sudden.
The orc shouts!
The gargoyle hits you with a +0 flail!
You hear a distant slurping noise.
You hit the gargoyle.
The gargoyle is heavily damaged.
The gargoyle hits you with a +0 flail!!
You are too injured to fight recklessly!
You are too injured to fight recklessly!
Unknown command.
You hit the gargoyle.
The gargoyle is severely damaged.
The gargoyle hits you with a +0 flail!
* * * LOW HITPOINT WARNING * * *
An orc wizard comes into view. It is wielding a +0 dagger.
The orc wizard shouts!
You hit the gargoyle but do no damage.
The gargoyle is severely damaged.
An orc wizard comes into view. It is wielding a +0 dagger.
The orc wizard drinks a potion.
The orc wizard flickers and vanishes for a moment.
You block the gargoyle's attack.
Okay, then.
You feel better.
The orc wizard drinks a potion.
The orc wizard flickers and vanishes for a moment.
The gargoyle hits you with a +0 flail!
* * * LOW HITPOINT WARNING * * *
You hear a slurping noise.
Unknown command.
You fade into invisibility!
The gargoyle hits you with a +0 flail!
You die...

.. ............# *
#.#*###.###......#
* ,,
.J..#.....#......#
⌠..#.....#......#
⌠⌠⌠....J.J......(#
, ,
.#.$...#......#
,,#.....#......# *
* *
**###.###......# ,
#.@..........# * ,
{#9##.....##### ,


{ohS .##### ...#.**.# ...)(#. .# ##.# #. .# , ... .. ## #. .. * You could see a
gargoyle (unable to see you), a hound, an orc wizard (invisible, unable to see
you), an adder (unable to see you) and 2 neutral jellies (fellow slime).

Vanquished Creatures
  Menkaure (D:5)
  An ice beast (D:6)
  2 centaurs
  A scorpion (D:5)
  2 orc priests
  2 hounds
  3 jellies (Sewer)
  2 iguanas
  2 orc wizards
  3 gnolls (D:2)
  6 adders
  3 river rats (D:5)
  A shadow imp (D:5)
  A white imp (D:6)
  2 ufetubi
  4 worms
  4 dart slugs
  3 orcs
  8 bats
  8 endoplasms
  5 giant cockroaches
  7 goblins
  4 hobgoblins
  10 jackals
  5 kobolds
  2 quokkas
  8 ball pythons
  5 frilled lizards
  A kobold zombie (D:3)
  8 rats
114 creatures vanquished.

Vanquished Creatures (others)
  A black bear (D:4)
  A phantom (D:5)
  A jelly (D:4)
  A hound (D:4)
  An orc priest (D:4)
  An orc wizard (D:4)
  An iguana (D:4)
  2 giant cockroaches (D:4)
  3 goblins (D:4)
  2 hobgoblins (D:4)
  5 kobolds (D:4)
19 creatures vanquished.

Grand Total: 133 creatures vanquished

Notes
Turn   | Place    | Note
-------+----------+-------------------------------------------
     0 | D:1      | Gladio the Formicid Fighter began the quest for the Orb.
     0 | D:1      | Reached XP level 1. HP: 18/18 MP: 1/1
    66 | D:1      | Reached XP level 2. HP: 20/24 MP: 2/2
   324 | D:1      | Reached XP level 3. HP: 29/29 MP: 3/3
   810 | D:2      | Reached skill level 3 in Axes
   987 | D:2      | Reached XP level 4. HP: 36/37 MP: 4/4
  1750 | D:2      | Reached XP level 5. HP: 42/42 MP: 5/5
  1867 | D:2      | Reached skill level 4 in Axes
  2172 | D:3      | Noticed a human
  2173 | D:3      | Found a runed translucent door.
  2196 | D:3      | Found a basalt altar of Yredelemnul.
  2530 | D:4      | You fall into a shaft and drop 3 floors!
  2533 | D:7      | Noticed a centaur
  2542 | D:7      | Killed a centaur
  2543 | D:7      | Reached skill level 5 in Axes
  2543 | D:7      | Reached XP level 6. HP: 10/50 MP: 6/6
  2729 | D:6      | Reached skill level 5 in Fighting
  2789 | D:5      | Entered Level 5 of the Dungeon
  2866 | D:5      | Found a glowing drain.
  2898 | D:5      | Reached XP level 7. HP: 47/56 MP: 7/7
  2912 | Sewer    | Entered a sewer
  3087 | Sewer    | Found a viscous altar of Jiyva.
  3094 | Sewer    | Reached skill level 6 in Axes
  3276 | Sewer    | Became a worshipper of Jiyva Jojov the Shapeless
  3353 | D:5      | Noticed Menkaure
  3359 | D:5      | Killed Menkaure
  3585 | D:4      | Reached * piety under Jiyva
  3788 | D:4      | Found a shadowy altar of Dithmenos.
  3836 | D:4      | Got Golexzet's Lessons on Variation
  3890 | D:4      | Reached ** piety under Jiyva
  4059 | D:4      | Found a white marble altar of Elyvilon.
  4077 | D:4      | Reached XP level 8. HP: 61/64 MP: 8/8
  4083 | D:4      | Reached skill level 7 in Axes
  4394 | D:5      | Reached *** piety under Jiyva
  4539 | D:6      | Gained mutation: You are covered in slimy tendrils that may
                  | disarm your opponents. [Jiyva's grace]
  4539 | D:6      | Gained mutation: Your muscles are strong. (Str +4, Int/Dex
                  | -1) [Jiyva's grace]
  4539 | D:6      | Gained mutation: Your muscles are very strong. (Str +8,
                  | Int/Dex -2) [Jiyva's grace]
  4539 | D:6      | Gained mutation: You passively map a small area around you.
                  | [Jiyva's grace]
  4660 | D:6      | Identified the +0 scale mail of Yesterday {+Inv rPois rF-
                  | Int+4}
  4667 | D:6      | Noticed a gargoyle
  4678 | D:6      | Slain by a gargoyle

Illustrated notes

Levels and vault maps discovered:
D:1:      heliophobic_arrival_battle_scene, layout_loops_ring,
          minmay_gold_behind_fungi
D:2:      layout_loops_ring
D:3:      layout_rooms, dk_yredelemnul_ordeal
D:4:      layout_gridville, nicolae_dithmenos_shadow_blocks,
          nicolae_elyvilon_temple_path
D:5:      layout_gridville, portal_sewer_entry_c, uniq_menkaure
D:6:      layout_basic, serial_shops, nicolae_lakefront_shop,
          minmay_chambers_of_fives, uniq_edmund, uniq_grinder
D:7:      layout_basic, minmay_temple_entry_arrows, nicolae_fountain_basement

Skill      XL: |  1  2  3  4  5  6  7  8 |
---------------+-------------------------+-----
Axes           | 3 5 6 7 |  7.7
Fighting       | 4 5 6 |  6.6
Armour         | |  3.4
Shields        | |  4.1

Action                     |  1- 3 |  4- 6 |  7- 9 || total
---------------------------+-------+-------+-------++-------
  Melee: War axe           |    84 |   139 |   147 ||   370
  Throw: Dart              |       |     2 |       ||     2
    Use: Scroll            |       |     3 |     1 ||     4
         Potion            |       |       |     4 ||     4
 Armour: Scale mail        |    48 |     8 |       ||    56
         Chain mail        |       |    78 |    62 ||   140
  Dodge: Dodged            |    35 |    55 |    64 ||   154
  Block: Buckler           |    21 |    42 |    33 ||    96
